 Dungeon Crawl Stone Soup version bcrawl-1.36.4 (webtiles) character file.

Game seed: 10777490826999940751

219543 doomedcactus the Firebug (level 7, 0/57 HPs)
             Began as a Demigod Fire Elementalist on June 24, 2022.
             Slain by a bullfrog (2 damage)
             ... on level 5 of the Dungeon.
             The game lasted 00:14:25 (4737 turns).

doomedcactus the Firebug (DgFE)                     Turns: 4737, Time: 00:14:26

Health: 0/57       AC:  4    Str: 12    XL:     7   Next: 97%
Magic:  2/16       EV: 13    Int: 23    God:    Demigod [**....]
Gold:   208        SH:  0    Dex: 17    Spells: 4/14 levels left

rFire    + . .     SeeInvis .   b - +0 short sword
rCold    x . .     Gourm    .   (no shield)
rNeg     . . .     Faith    .   a - +0 robe
rPois    .         Spirit   .   h - -1 helmet (curse)
rElec    .         Reflect  .   (no cloak)
rCorr    .                      t - +0 pair of gloves
MR       .....                  o - +0 pair of boots
Stlth    ++........             (no amulet)
HPRegen  0.19/turn              p - ring of fire
MPRegen  0.15/turn              (no ring)

@: about to teleport, very slightly contaminated
A: high mp 1
a: Temporal Distortion, Growth


You were on level 5 of the Dungeon.
You worshipped Demigod.
Demigod was pleased with you.
You were not hungry.

You visited 1 branch of the dungeon, and saw 5 of its levels.

You collected 208 gold pieces.

Inventory:

Hand Weapons
 b - a +0 short sword (weapon)
Missiles
 d - 1102 stones (quivered)
Armour
 a - a +0 robe (worn)
 h - a cursed -1 helmet (worn)
 o - a +0 pair of boots (worn)
 t - a +0 pair of gloves (worn)
Jewellery
 m - an uncursed ring of positive energy
 p - a ring of fire (left hand)
Wands
 c - a wand of flame (18)
 n - a wand of polymorph (10)
Scrolls
 f - a scroll of teleportation
 g - 2 scrolls of immolation
 i - 2 scrolls of identify
Potions
 j - 4 potions of curing {unknown}
 k - a potion of lignification {unknown}
 l - 2 potions of agility
 q - a potion of magic {unknown}
Comestibles
 e - 9 rations {!d}


   Skills:
 * Level 3.4 Fighting
 + Level 0.2 Short Blades
 + Level 2.3 Dodging
 - Level 2.0 Stealth
 + Level 4.3 Spellcasting
 + Level 3.3 Conjurations
 + Level 0.3 Charms
 * Level 5.4 Fire Magic


You had 4 spell levels left.
You knew the following spells:

 Your Spells              Type           Power        Failure   Level  Hunger
a - Flame Tongue          Conj/Fire      #####        1%          1    None
b - Flaming Arrows        Chrm/Fire      ####....     4%          2    None
c - Conjure Flame         Conj/Fire      #####...     4%          3    ###....
d - Sticky Flame          Conj/Fire      #####...     17%         4    #####..

Your spell library contained the following spells:

 Spells                   Type           Power        Failure   Level  Hunger
 Inner Flame              Hex/Fire       N/A          10%         3    ###....
 Fireball                 Conj/Fire      #####.....   43%         5    ######.


Dungeon Overview and Level Annotations

Branches:
Dungeon (5/12)
 Temple: D:4-7

Portals:
Abyss: D:3

Annotations:
D:3 exclusion: lurking horror
D:5 Blork the orc


Innate Abilities, Weirdness & Mutations

You have an increased reservoir of magic. (+10% MP)


Message History

Aiming: Sticky Flame (slightly dangerous; 17% risk of failure)
Press: ? - help, Shift-Dir - straight line, f/p - bullfrog
Aim: a bullfrog You feel a surge of power!
You miscast Sticky Flame.
Wisps of smoke drift from your hands.
You are near starving!
The bullfrog hits you!
You eat one of the 10 rations {!d}.
That ration really hit the spot!
The bullfrog closely misses you. The bullfrog hits you!
The bullfrog barely misses you. The bullfrog barely misses you.
The bullfrog hits you!
* * * LOW HITPOINT WARNING * * *
The bullfrog hits you!
* * * LOW HITPOINT WARNING * * *
Okay, then.
As you read the scroll of teleportation, it crumbles to dust.
You feel strangely unstable. The bullfrog hits you.
You die...
Your divinity fades.

#.#####...[....#
#.# # #
######...# ..#.
##..### #...
#....# #..##
###..# ##..#
#..######...##
#..#.........#
#..#.........#
#)@#.........#
##F..........###
##O.######....##
#......##..#..##
#.{###........^##
##...#...⌠...(...
###.#.#....≈≈≈..
#...##...≈≈≈..
###
###.##..≈≈≈≈..


You could see an ogre and a bullfrog.

Vanquished Creatures
  Grinder (D:4)
  2 sky beasts (D:5)
  An ogre (D:4)
  An orc priest (D:4)
  A quasit (D:5)
  A hound (D:4)
  Jessica (D:3)
  An iguana (D:2)
  5 worker ants
  Natasha (thrice) (D:4)
  2 hound skeletons (D:4)
  3 gnolls (D:2)
  A howler monkey skeleton (D:3)
  3 adders
  2 worms
  2 dart slugs (D:1)
  6 leopard geckos
  5 orcs
  4 giant cockroaches
  6 goblins
  8 hobgoblins
  7 jackals
  2 quokkas (D:3)
  4 bats (D:1)
  4 frilled lizards
  A jackal skeleton (D:4)
  9 kobolds
  3 quokka skeletons
  6 rats
95 creatures vanquished.

Notes
Turn   | Place    | Note
-------+----------+-------------------------------------------
     0 | D:1      | doomedcactus the Demigod Fire Elementalist began the quest
                  | for the Orb.
     0 | D:1      | Reached XP level 1. HP: 14/14 MP: 5/5
   196 | D:1      | Reached skill level 3 in Fire Magic
   201 | D:1      | Reached XP level 2. HP: 19/20 MP: 0/7
   256 | D:1      | Reached skill level 1 in Conjurations
   968 | D:1      | Learned a level 2 spell: Flaming Arrows
   972 | D:2      | Reached XP level 3. HP: 26/26 MP: 5/8
  1079 | D:2      | Learned a level 3 spell: Conjure Flame
  1256 | D:2      | Reached * piety under Demigod
  1649 | D:2      | Found a sparkling altar of Nemelex Xobeh.
  1685 | D:2      | Reached XP level 4. HP: 34/34 MP: 3/9
  1862 | D:2      | Reached skill level 1 in Fighting
  2399 | D:3      | Reached ** piety under Demigod
  2400 | D:3      | Reached XP level 5. HP: 40/40 MP: 9/11
  2495 | D:3      | Found a one-way gate to the infinite horrors of the Abyss.
  2495 | D:3      | Found a corrupted altar of Lugonu.
  2970 | D:3      | Noticed Jessica
  2972 | D:3      | Killed Jessica
  2973 | D:3      | Reached skill level 4 in Fire Magic
  3391 | D:4      | Noticed an ogre
  3400 | D:4      | Killed an ogre
  3401 | D:4      | Reached XP level 6. HP: 29/48 MP: 7/14
  3578 | D:4      | Noticed Grinder
  3673 | D:4      | Paralysed by Grinder for 4 turns
  3680 | D:4      | Killed Grinder
  3681 | D:4      | Reached XP level 7. HP: 39/56 MP: 4/15
  3687 | D:4      | Noticed Natasha
  3857 | D:4      | Learned a level 4 spell: Sticky Flame
  4139 | D:4      | Found a sacrificial altar of Ru.
  4144 | D:4      | Killed Natasha
  4156 | D:4      | Found an ornate altar of the Wu Jian Council.
  4158 | D:4      | Noticed Natasha
  4163 | D:4      | Killed Natasha
  4399 | D:5      | Entered Level 5 of the Dungeon
  4410 | D:4      | Noticed Natasha
  4425 | D:4      | Killed Natasha
  4426 | D:4      | Reached skill level 5 in Fire Magic
  4620 | D:5      | Found an ancient bone altar of Kikubaaqudgha.
  4709 | D:5      | Noticed Blork the orc
  4735 | D:5      | HP: 2/57 [bullfrog (13)]
  4737 | D:5      | Slain by a bullfrog

Skill      XL: |  1  2  3  4  5  6  7 |
---------------+----------------------+-----
Dodging        | 2 |  2.3
Fire Magic     | 3 4 5 |  5.4
Conjurations   | 1 2 3 |  3.3
Spellcasting   | 2 3 4 |  4.3
Fighting       | 1 2 3 |  3.4
Short Blades   | |  0.2
Stealth        | |  2.0
Charms         | |  0.3

Action                   |  1- 3 |  4- 6 |  7- 9 || total
-------------------------+-------+-------+-------++-------
Melee: Short sword       |     6 |       |     1 ||     7
Throw: Stone             |     3 |       |       ||     3
 Cast: Flame Tongue      |    76 |    71 |    69 ||   216
       Flaming Arrows    |     1 |       |     5 ||     6
       Conjure Flame     |       |     1 |       ||     1
       Sticky Flame      |       |       |     2 ||     2
Evoke: Wand              |       |       |     3 ||     3
  Use: Scroll            |       |     5 |     3 ||     8
  Eat: Chunk             |     4 |     7 |     3 ||    14
       Ration            |       |       |     1 ||     1
Armor: Robe              |     8 |       |    13 ||    21
Dodge: Dodged            |    26 |    15 |    33 ||    74
